 Dungeon Crawl Stone Soup version 0.16.1-2-g95b8d4c (webtiles) character file.

724 Chiseanne the Blocker (level 8, -11/58 HPs)
             Began as a Formicid Fighter on Mar 25, 2015.
             Killed by an exploding giant spore (30 damage)
             ... on level 7 of the Dungeon.
             The game lasted 00:13:57 (4906 turns).

Chiseanne the Blocker (Formicid Fighter)            Turns: 4906, Time: 00:13:58

Health: -11/58     AC: 13    Str: 21    XL:     8   Next: 2%
Magic:  11/11      EV:  4    Int: 10    God:
Gold:   214        SH:  0    Dex: 10    Spells: 0 memorised, 7 levels left

rFire  . . .     SeeInvis +     a - +1 war axe
rCold  + . .     Clarity  .     q - +0 plate armour
rNeg   . . .     SustAb   .     g - +2 large shield
rPois  .         Gourm    .     (helmet unavailable)
rElec  .         Spirit   .     (no cloak)
rCorr  .         Warding  .     (no gloves)
rMut   .         Stasis   +     r - +0 pair of boots
MR     .....                    s - amulet of regeneration
Stlth  ..........               p - ring of protection from cold
                                (no ring)

@: confused, drained, not resistant to hostile enchantments, extremely
unstealthy
A: permanent stasis, dig shafts and tunnels, four strong arms, antennae 3
a: Dig, Shaft Self


You were on level 7 of the Dungeon.
You were very hungry.

You visited 1 branch of the dungeon, and saw 6 of its levels.

You collected 214 gold pieces.

Inventory:

Hand weapons
 a - a +1 war axe (weapon)
Missiles
 c - 22 poisoned needles
 e - 2 curare-tipped needles
 m - 38 bolts
 o - 2 tomahawks (quivered)
 u - 2 javelins
 y - 30 sling bullets
Armour
 g - a +2 large shield (worn)
 q - a +0 plate armour (worn)
 r - a +0 pair of boots (worn)
 t - a +4 chain mail
Jewellery
 l - an uncursed ring of wizardry
 p - a ring of protection from cold (right hand)
 s - an amulet of regeneration (around neck)
Scrolls
 h - 2 scrolls of recharging
 j - a scroll of immolation
Potions
 k - a potion of cancellation
 z - a potion of haste {unknown}
 A - a potion of magic {unknown}
 B - a potion of heal wounds {unknown}
Comestibles
 b - a royal jelly
 d - 4 bread rations
 f - a beef jerky
 n - 2 meat rations
 w - a slice of pizza


   Skills:
 - Level 3.4 Fighting
 * Level 4.2(4.1) Axes
 * Level 5.4(5.3) Armour
 * Level 8.1(8.0) Shields


You had 7 spell levels left.
You didn't know any spells.

Dungeon Overview and Level Annotations

Branches:
Dungeon (7/15)             Temple (0/1) D:5

Altars:
Fedhas
Yredelemnul

Annotations:
D:2 exclusion: oklob plant


Innate Abilities, Weirdness & Mutations

You are under a permanent stasis effect.
You can dig through walls and to a lower floor.
Your four strong arms can wield two-handed weapons with a shield.
You have a pair of large antennae on your head (SInv).


Message History

You begin to dig a shaft.
You continue digging a shaft.
A shaft appears beneath you!
You fall through a shaft for 2 floors!
The shaft crumbles and collapses.
An adder, a worker ant, a sky beast and a giant spore come into view.
The giant spore waves its rhizomes.
Found a scroll labeled PNU VOMILEONN and a trident.
Drink which item? (? for menu, Esc to quit)
You feel better.
A ballistomycete grows in the wake of the giant spore.
The adder bites you but does no damage. You block the worker ant's attack.
You block the worker ant's attack.
The giant spore explodes!
The adder appears confused.
The explosion of spores engulfs the adder.
The adder dies!
The explosion of spores engulfs you!
You are confused.
Ouch! That really hurt!
You die...

###>##
#.....#
#..?).#
#.....###
#........
#Y....#
#.....#
#@a...#
#..###)...
#...#
#P#.# #.
.. .. ..#
... ..#
.#. ..#
#... ###


You could see a sky beast and a worker ant.

Vanquished Creatures
  A scorpion (D:5)
  5 wights (D:5)
  2 crimson imps (D:5)
  A giant frog zombie (D:5)
  A jelly (D:5)
  2 iguanas (D:4)
  2 orc wizards (D:4)
  A worker ant (D:5)
  A hound zombie (D:5)
  2 adders
  7 gnolls
  2 shadow imps (D:5)
  2 worms
  4 orcs (D:4)
  8 bats
  A bat skeleton (D:4)
  4 giant cockroaches
  8 hobgoblins
  A quokka (D:3)
  3 giant geckos
  A giant gecko zombie (D:5)
  2 giant newts
  9 goblins
  6 jackals
  A jackal skeleton (D:4)
  12 kobolds
  13 rats
102 creatures vanquished.

Vanquished Creatures (others)
  An adder (D:7)
  9 toadstools (D:2)
10 creatures vanquished.

Grand Total: 112 creatures vanquished

Notes
Turn   | Place    | Note
--------------------------------------------------------------
     0 | D:1      | Chiseanne, the Formicid Fighter, began the quest for the Orb.
     0 | D:1      | Reached XP level 1. HP: 18/18 MP: 1/1
    49 | D:1      | Reached XP level 2. HP: 5/24 MP: 3/3
   423 | D:1      | Reached skill level 4 in Shields
  1075 | D:2      | Reached XP level 3. HP: 25/29 MP: 4/4
  1246 | D:2      | Reached XP level 4. HP: 35/35 MP: 5/5
  1544 | D:2      | Found a blossoming altar of Fedhas.
  1557 | D:2      | Noticed an oklob plant
  1804 | D:3      | Reached skill level 5 in Shields
  1864 | D:3      | Reached XP level 5. HP: 32/41 MP: 7/7
  2776 | D:4      | Reached XP level 6. HP: 11/47 MP: 8/8
  3073 | D:4      | Reached skill level 6 in Shields
  3912 | D:5      | Entered Level 5 of the Dungeon
  4128 | D:5      | Reached XP level 7. HP: 49/52 MP: 9/9
  4129 | D:5      | Reached skill level 5 in Armour
  4150 | D:5      | Reached skill level 7 in Shields
  4678 | D:5      | Found a basalt altar of Yredelemnul.
  4689 | D:5      | Reached skill level 8 in Shields
  4697 | D:5      | Reached XP level 8. HP: 43/58 MP: 11/11
  4824 | D:5      | Found a staircase to the Ecumenical Temple.
  4894 | D:5      | Noticed an orc warrior
  4904 | D:5      | You fall through a shaft for 2 floors!
  4906 | D:7      | Killed by an exploding giant spore

Action                   |  1- 3 |  4- 6 |  7- 9 || total
-------------------------+-------+-------+-------++-------
Melee: War axe           |   105 |   292 |    59 ||   456
 Abil: Dig               |     8 |     3 |     1 ||    12
       Shaft Self        |       |       |     1 ||     1
  Use: Scroll            |     1 |    15 |     1 ||    17
       Potion            |       |     3 |     2 ||     5
 Stab: Invisible         |       |     3 |       ||     3
  Eat: Chunk             |     2 |     6 |     2 ||    10
       Bread ration      |       |     1 |       ||     1
